 Dungeon Crawl Stone Soup version 0.31.0-9-g3a7656b989 (console) character file.

Game seed: 15295340096911586698

2097 Ignak the Magician (level 9, -1/65 HPs)
             Began as a Gnoll Air Elementalist on Feb 1, 2024.
             Slain by an orc warrior
             ... wielding a +0 flail
              (9 damage)
             ... on level 7 of the Dungeon.
             The game lasted 00:21:04 (7410 turns).

Ignak the Magician (Gnoll Air Elementalist)         Turns: 7410, Time: 00:21:04

Health: -1/65      AC:  3    Str: 13    XL:     9   Next: 28%
Magic:  3/18       EV: 14    Int: 20    God:
Gold:   267        SH:  0    Dex: 12    Spells: 5/21 levels left

rFire   . . .        a - +4 flail (freeze)
rCold   . . .        (no shield)
rNeg    . . .        G - +0 robe
rPois   .            u - +0 helmet
rElec   .            (no cloak)
rCorr   .            (no gloves)
SInv    .            (no boots)
Will    .....        (no amulet)
Stlth   +++          y - +6 ring of strength
HPRegen 0.30/turn    (no ring)
MPRegen 0.16/turn

%: no passive effects
@: no status effects
A: fangs 1, strong nose, distributed training
a: no special abilities


You were on level 7 of the Dungeon.
You visited 1 branch of the dungeon, and saw 7 of its levels.

You collected 355 gold pieces.
You spent 88 gold pieces at shops.

Inventory:

Hand Weapons
 a - a +4 flail of freezing (weapon)
 b - a +5 dagger of freezing
 z - a +0 rapier
Missiles
 s - 4 poisoned darts (quivered)
Armour
 r - a +2 leather armour of cold resistance
 u - a +0 helmet (worn)
 A - a +0 helmet
 G - a +0 robe (worn)
Jewellery
 y - a +6 ring of strength (left hand)
Wands
 c - a wand of mindburst (11)
 q - a wand of polymorph (2)
 E - a wand of flame (22)
Scrolls
 d - 2 scrolls of teleportation {unknown}
 e - a scroll of silence {unknown}
 i - a scroll of butterflies {unknown}
 j - a scroll of acquirement {unknown}
 l - 3 scrolls of enchant weapon
 m - a scroll of revelation
 t - 2 scrolls of fog {unknown}
 v - a scroll of brand weapon {unknown}
 w - 2 scrolls of blinking {unknown}
 x - a scroll of fear {unknown}
 B - a scroll of poison {unknown}
Potions
 f - 3 potions of might {unknown}
 g - 3 potions of brilliance {unknown}
 h - a potion of resistance {unknown}
 k - 4 potions of enlightenment {unknown}
 n - a potion of lignification {unknown}
 o - 3 potions of curing
 p - a potion of haste {unknown}
 C - a potion of heal wounds
 D - a potion of degeneration {unknown}
 F - 2 potions of berserk rage {unknown}


   Skills:
 + Level 4.2 Fighting
 + Level 4.2 Short Blades
 + Level 4.2 Long Blades
 + Level 4.2 Axes
 + Level 4.2 Maces & Flails
 + Level 4.2 Polearms
 + Level 4.2 Staves
 + Level 4.2 Ranged Weapons
 + Level 4.2 Throwing
 + Level 4.2 Armour
 + Level 6.3 Dodging
 + Level 6.0 Stealth
 + Level 4.2 Shields
 + Level 4.2 Unarmed Combat
 + Level 6.6 Spellcasting
 + Level 4.1 Conjurations
 + Level 3.5 Hexes
 + Level 3.5 Summonings
 + Level 3.5 Necromancy
 + Level 3.5 Translocations
 + Level 3.5 Fire Magic
 + Level 3.5 Ice Magic
 + Level 6.5 Air Magic
 + Level 3.5 Earth Magic
 + Level 3.5 Alchemy
 + Level 4.6 Invocations
 + Level 4.2 Evocations
 + Level 3.8 Shapeshifting


You had 5 spell levels left.
You knew the following spells:

 Your Spells              Type           Power      Damage    Failure   Level
a - Shock                 Conj/Air       100%       1d9       1%          1
b - Blink                 Tloc           40%        N/A       3%          2
c - Airstrike             Air            16%        2d(3-19)  7%          4
d - Swiftness             Air            32%        N/A       1%          3
e - Call Imp              Summ           40%        N/A       3%          2
f - Searing Ray           Conj           46%        2d6       2%          2
z - Static Discharge      Conj/Air       56%        3-6/arc   1%          2

Your spell library contained the following spells:

 Spells                   Type           Power      Damage    Failure   Level
 Magic Dart               Conj           92%        1d7       1%          1
 Fulminant Prism          Conj/Alch      10%        3d8       21%         4
 Cause Fear               Hex            10%        N/A       24%         4
 Fireball                 Conj/Fire      10%        3d6       50%         5
 Conjure Ball Lightning   Conj/Air       14%        3x3d6     86%         6
 Discord                  Hex            10%        N/A       100%        8
 Disjunction              Tloc           10%        N/A       100%        8
 Dragon's Call            Summ           10%        N/A       100%        9


Dungeon Overview and Level Annotations

Branches:
Dungeon (7/15)
 Temple: D:4-7

Altars:
Elyvilon
Makhleb
Nemelex Xobeh
Xom
Zin

Shops:
D:1 !   D:4 (


Innate Abilities, Weirdness & Mutations

You have very sharp teeth.
Your uncanny sense of smell can sniff out nearby items.
Your experience applies equally to all skills.


Message History

The orc warrior shoots a bolt.
The bolt misses you.
Casting: Airstrike (dangerous; 7% risk of failure)
Confirm with . or Enter, or press ? or * to list all spells.
Aiming: Searing Ray (safe; 2% risk of failure)
Press: ? - help, Shift-Dir - straight line, f/p - orc warrior
Aim: an orc warrior, wielding a +0 arbalest and wearing a +0 plate armour (lightly wounded, very poisoned, 78% to hit)
The searing ray hits the orc warrior but does no damage.
The orc warrior is lightly wounded. (Press . to maintain the ray.)
The orc warrior shoots a bolt.
The bolt hits you!
Your magical contamination has completely faded away.
The searing ray misses the orc warrior.
The searing ray hits the orc warrior but does no damage.
The orc warrior is lightly wounded.
The orc warrior shoots a bolt.
The bolt closely misses you.
The searing ray hits the orc warrior.
The orc warrior is moderately wounded.
You finish channelling your searing ray.
You hit the orc warrior. You freeze the orc warrior.
Your bite misses the orc warrior.
The orc warrior is heavily wounded.
The orc warrior unwields a +0 arbalest.
The orc warrior wields a +0 flail.
The orc warrior closely misses you.
Casting: Searing Ray (safe; 2% risk of failure)
Confirm with . or Enter, or press ? or * to list all spells.
Aiming: Searing Ray (safe; 2% risk of failure)
Press: ? - help, Shift-Dir - straight line, p - orc warrior The searing ray hits the orc warrior but does no damage.
The orc warrior is severely wounded. (Press . to maintain the ray.)
The orc warrior hits you with a +0 flail!
Unknown command.
The searing ray hits the orc warrior but does no damage.
The orc warrior is severely wounded.
The orc warrior hits you with a +0 flail!
* * * LOW HITPOINT WARNING * * *
The searing ray hits the orc warrior but does no damage.
The orc warrior is severely wounded.
The orc warrior hits you with a +0 flail!
You die...

#..# #....## ##.#
#.....# # #.##
#.....#.. #..#
#........ ##.#
#.......... #.##
#.......... #..#
#.....#....
#..#######........#
##..@o)(..........#
###.#######....##...##
##..## ##.......##..##
##..##
##.............#
##..##
##...............
##..##
#................
##..##
##................
###.###
#.................
##..##
###...............


You could see an orc warrior (poisoned).

Vanquished Creatures
  Jeremiah (D:6)
  An orc warrior (D:5)
  An ice beast (D:5)
  An ogre (D:4)
  A centaur (D:5)
  A phantom (D:5)
  2 bullfrogs (D:6)
  4 scorpions
  8 wights (D:7)
  A bombardier beetle (D:4)
  2 jellies
  A hound (D:6)
  2 orc priests
  2 iguanas
  Ijyb (D:3)
  Natasha (thrice) (D:2)
  A sleepcap (D:5)
  3 orc wizards
  4 gnolls
  5 adders
  A white imp (D:6)
  4 ufetubi
  3 dart slugs
  12 orcs
  5 endoplasms
  2 giant cockroaches
  7 goblins
  5 hobgoblins
  A quokka (D:1)
  7 ball pythons
  2 bats
  10 frilled lizards
  6 kobolds
  A rat (D:1)
111 creatures vanquished.

Notes
Turn   | Place    | Note
-------+----------+-------------------------------------------
     0 | D:1      | Ignak the Gnoll Air Elementalist began the quest for the
                  | Orb.
     0 | D:1      | Reached XP level 1. HP: 13/13 MP: 6/6
   164 | D:1      | Reached XP level 2. HP: 19/19 MP: 2/7
   260 | D:1      | Found Neodghot's Distillery.
   608 | D:1      | You fall into a shaft and drop 1 floor!
   688 | D:2      | Learned a level 2 spell: Searing Ray
   712 | D:2      | Reached skill level 5 in Spellcasting
   712 | D:2      | Reached XP level 3. HP: 25/25 MP: 5/9
   946 | D:2      | Reached skill level 1 in Invocations
  1088 | D:2      | Noticed Natasha
  1112 | D:1      | Bought a potion of curing for 33 gold pieces
  1112 | D:1      | Bought a potion of heal wounds for 55 gold pieces
  1151 | D:2      | Killed Natasha
  1152 | D:2      | Reached skill level 1 in Fighting
  1152 | D:2      | Reached skill level 1 in Short Blades
  1152 | D:2      | Reached skill level 1 in Long Blades
  1152 | D:2      | Reached skill level 1 in Axes
  1152 | D:2      | Reached skill level 1 in Maces & Flails
  1152 | D:2      | Reached skill level 1 in Polearms
  1152 | D:2      | Reached skill level 1 in Staves
  1152 | D:2      | Reached skill level 1 in Ranged Weapons
  1152 | D:2      | Reached skill level 1 in Throwing
  1152 | D:2      | Reached skill level 1 in Armour
  1152 | D:2      | Reached skill level 1 in Shields
  1152 | D:2      | Reached skill level 1 in Unarmed Combat
  1152 | D:2      | Reached skill level 1 in Evocations
  1152 | D:2      | Reached skill level 1 in Shapeshifting
  1152 | D:2      | Reached XP level 4. HP: 22/32 MP: 0/11
  1185 | D:2      | Learned a level 2 spell: Static Discharge
  1189 | D:2      | Learned a level 3 spell: Swiftness
  1194 | D:2      | Learned a level 4 spell: Airstrike
  1358 | D:2      | Noticed Natasha
  1365 | D:2      | Killed Natasha
  1366 | D:2      | Reached skill level 1 in Hexes
  1366 | D:2      | Reached skill level 1 in Summonings
  1366 | D:2      | Reached skill level 1 in Necromancy
  1366 | D:2      | Reached skill level 1 in Translocations
  1366 | D:2      | Reached skill level 1 in Fire Magic
  1366 | D:2      | Reached skill level 1 in Ice Magic
  1366 | D:2      | Reached skill level 1 in Earth Magic
  1366 | D:2      | Reached skill level 1 in Alchemy
  1506 | D:2      | Noticed Natasha
  1511 | D:2      | Killed Natasha
  1512 | D:2      | Reached XP level 5. HP: 37/37 MP: 5/12
  1584 | D:3      | Noticed Ijyb
  1602 | D:3      | Killed Ijyb
  2133 | D:3      | Found a white marble altar of Elyvilon.
  2711 | D:4      | Found a burning altar of Makhleb.
  2718 | D:4      | Found Xifihimn's Antique Weapon Emporium.
  2764 | D:4      | Found a glowing silver altar of Zin.
  2765 | D:4      | Noticed an angel
  2765 | D:4      | Noticed an Executioner
  2850 | D:4      | Reached XP level 6. HP: 31/44 MP: 7/14
  2908 | D:4      | Reached skill level 5 in Dodging
  3106 | D:4      | Found a sparkling altar of Nemelex Xobeh.
  3252 | D:5      | Entered Level 5 of the Dungeon
  3711 | D:5      | Reached XP level 7. HP: 46/51 MP: 10/15
  4142 | D:5      | Reached skill level 5 in Stealth
  4524 | D:5      | Reached XP level 8. HP: 53/58 MP: 3/16
  4723 | D:5      | Learned a level 2 spell: Blink
  4726 | D:5      | Learned a level 2 spell: Call Imp
  5563 | D:6      | Noticed Jeremiah
  5971 | D:6      | Killed Jeremiah
  6580 | D:7      | Found a shimmering altar of Xom.
  6679 | D:7      | Reached XP level 9. HP: 55/65 MP: 10/18
  7410 | D:7      | Slain by an orc warrior

Illustrated notes

Levels and vault maps discovered:
D:1:      lightli_arrival_lavapool, layout_loops_ring, serial_shops,
          nicolae_lakefront_shop
D:2:      layout_rooms, columned_hall_lemuel, minmay_lizard_pond, uniq_natasha
D:3:      layout_loops_ring, mainiacjoe_overflow_alcove_4, minmay_misc_feat_x,
          uniq_ijyb
D:4:      layout_loops_ring, grunt_temple_overflow_order_and_chaos_2,
          nemelex_diamond_rough_becter, serial_shops,
          nicolae_shop_just_a_little_nook, st_stairs_9, hex_tiny,
          nicolae_the_louvre
D:5:      layout_basic, minmay_chambers_of_fives
D:6:      layout_loops_ring, due_unseen_surprise, uniq_jeremiah
D:7:      layout_cave_pods, mainiacjoe_overflow_boulevard,
          minmay_temple_entry_poolview, corexii_checkpoint, minivault_27

Skill      XL: |  1  2  3  4  5  6  7  8  9 |
---------------+----------------------------+-----
Conjurations   | 2 3 4 |  4.1
Spellcasting   | 5 6 |  6.6
Invocations    | 1 2 3 4 |  4.6
Fighting       | 1 2 3 4 |  4.2
Short Blades   | 1 2 3 4 |  4.2
Long Blades    | 1 2 3 4 |  4.2
Axes           | 1 2 3 4 |  4.2
Maces & Flails | 1 2 3 4 |  4.2
Polearms       | 1 2 3 4 |  4.2
Staves         | 1 2 3 4 |  4.2
Ranged Weapons | 1 2 3 4 |  4.2
Throwing       | 1 2 3 4 |  4.2
Armour         | 1 2 3 4 |  4.2
Shields        | 1 2 3 4 |  4.2
Unarmed Combat | 1 2 3 4 |  4.2
Evocations     | 1 2 3 4 |  4.2
Shapeshifting  | 1 2 3 |  3.8
Hexes          | 1 2 3 |  3.5
Summonings     | 1 2 3 |  3.5
Necromancy     | 1 2 3 |  3.5
Translocations | 1 2 3 |  3.5
Fire Magic     | 1 2 3 |  3.5
Ice Magic      | 1 2 3 |  3.5
Earth Magic    | 1 2 3 |  3.5
Alchemy        | 1 2 3 |  3.5
Dodging        | 5 6 |  6.3
Stealth        | 5 6 |  6.0
Air Magic      | 6 |  6.5

Action                     |  1- 3 |  4- 6 |  7- 9 || total
---------------------------+-------+-------+-------++-------
  Melee: Unarmed           |     3 |     5 |       ||     8
         Club              |    26 |    39 |    22 ||    87
         Bite              |     2 |     7 |     9 ||    18
         Punch             |       |       |     2 ||     2
         Trident           |       |       |    17 ||    17
         Rapier            |       |       |    14 ||    14
         Dagger            |       |       |     2 ||     2
         Flail             |       |       |     1 ||     1
  Throw: Dart              |       |     2 |    11 ||    13
   Cast: Shock             |    39 |    51 |    60 ||   150
         Searing Ray       |     2 |     9 |    15 ||    26
         Airstrike         |       |     3 |    21 ||    24
         Swiftness         |       |     1 |     2 ||     3
         Static Discharge  |       |       |     4 ||     4
         Call Imp          |       |       |     1 ||     1
  Evoke: Wand              |       |       |     1 ||     1
    Use: Scroll            |       |     3 |       ||     3
         Potion            |       |       |     3 ||     3
   Stab: Sleeping          |     2 |     2 |     2 ||     6
         Distracted        |     1 |       |       ||     1
 Armour: Robe              |    21 |    33 |    86 ||   140
  Dodge: Dodged            |    36 |    48 |    81 ||   165
